 Dungeon Crawl Stone Soup version 0.18.1-50-g88ac8fd (webtiles) character file.

56 Holeefuk the Chopper (level 4, 34/35 HPs)
             Began as a Formicid Fighter on Oct 8, 2016.
             Quit the game on level 2 of the Dungeon on Oct 19, 2016.
             The game lasted 00:03:37 (953 turns).

Holeefuk the Chopper (Formicid Fighter)              Turns: 953, Time: 00:03:37

Health: 34/35      AC:  6    Str: 20    XL:     4   Next: 17%
Magic:  4/4        EV:  7    Int:  8    God:
Gold:   33         SH:  9    Dex: 11    Spells: 0 memorised, 3 levels left

rFire  . . .     SeeInvis +     a - +0 war axe
rCold  . . .     Gourm    .     b - +0 scale mail
rNeg   . . .     Faith    .     c - +0 shield
rPois  .         Spirit   .     (helmet unavailable)
rElec  .         Dismiss  .     (no cloak)
rCorr  .         Reflect  .     (no gloves)
SustAt .         Harm     .     (no boots)
MR     .....                    (no amulet)
Stlth  ..........               (no ring)
                                (no ring)

@: not resistant to hostile enchantments, extremely unstealthy
A: permanent stasis, dig shafts and tunnels, four strong arms, antennae 3
a: Dig, Shaft Self


You were on level 2 of the Dungeon.
You were not hungry.

You visited 1 branch of the dungeon, and saw 2 of its levels.

You collected 33 gold pieces.

Inventory:

Hand Weapons
 a - a +0 war axe (weapon)
Armour
 b - a +0 scale mail (worn)
 c - a +0 shield (worn)
Scrolls
 e - a scroll of amnesia {unknown}
 g - a scroll of blinking {unknown}
 h - a scroll of identify {unknown}
 i - a scroll of recharging {unknown}
 l - a scroll of random uselessness {unknown}
 m - a scroll of magic mapping {unknown}
Potions
 d - a potion of might
 j - a potion of curing {unknown}
Comestibles
 f - a bread ration
 k - a meat ration


   Skills:
 - Level 3.2 Fighting
 + Level 4.1 Axes
 - Level 3.2 Armour
 - Level 3.6 Shields


You had 3 spell levels left.
You didn't know any spells.

Dungeon Overview and Level Annotations

Branches:
Dungeon (2/15)

Altars:


Innate Abilities, Weirdness & Mutations

You are under a permanent stasis effect.
You can dig through walls and to a lower floor.
Your four strong arms can wield two-handed weapons with a shield.
You have a pair of large antennae on your head (SInv).


Message History

Found 11 stones.
You see here 11 stones.
You see here 11 stones.
Key pressed, stopping explore.
A hobgoblin comes into view. It is wielding a club.
A hobgoblin is nearby!
A hobgoblin is nearby!
You hit the hobgoblin.
The hobgoblin is severely wounded.
The hobgoblin hits you with a club.
You barely miss the hobgoblin.
The hobgoblin is severely wounded.
You block the hobgoblin's attack. x2
You slash the hobgoblin!
You kill the hobgoblin!
No target in view!
No target in view!
Welcome back, Holeefuk the Formicid Fighter.
Press ? for a list of commands and other information.
Are you sure you want to abandon this character and quit the game? (Confirm with "yes".)

#.....###..<.......#
#.....##.......)...#
####..)............#
#.##..#..#.######
#.>...[.##.#
#...#..###.#
###>#......#.#
#...###.#)...##
#.### #.##@...# ##.#
#)###...#### #..#
#.# #......# #.##
#.# #...##... . #.#
#.# ##..## ## .. #.#
#.# #...# .... ##.#
###.####.#.# ..#..
#..# #...##...#.##
##...(. #.##
#.####.###..###...#


There were no monsters in sight!

Vanquished Creatures
  2 adders (D:2)
  A dart slug (D:1)
  3 bats
  4 giant cockroaches
  4 goblins
  7 hobgoblins
  A jackal (D:1)
  7 kobolds
  A giant newt (D:1)
  2 rats
32 creatures vanquished.

Notes
Turn   | Place    | Note
--------------------------------------------------------------
     0 | D:1      | Holeefuk the Formicid Fighter began the quest for the Orb.
     0 | D:1      | Reached XP level 1. HP: 18/18 MP: 1/1
   109 | D:1      | Reached XP level 2. HP: 19/24 MP: 2/2
   149 | D:1      | Reached skill level 3 in Axes
   377 | D:1      | Reached XP level 3. HP: 19/29 MP: 3/3
   851 | D:2      | Identified a -2 rod of inaccuracy (11/11) (You found it on level 2 of the Dungeon)
   889 | D:2      | Reached skill level 4 in Axes
   889 | D:2      | Reached XP level 4. HP: 35/35 MP: 4/4
   953 | D:2      | Quit the game

Skill      XL: |  1  2  3 |
---------------+----------+-----
Axes           | 3 4 |  4.1
Fighting       | |  3.2
Armour         | |  3.2
Shields        | |  3.6

Action                   |  1- 3 |  4- 6 || total
-------------------------+-------+-------++-------
Melee: War axe           |    97 |    17 ||   114
Armor: Scale mail        |    51 |    13 ||    64
Dodge: Dodged            |    31 |     7 ||    38
Block: Shield            |    59 |    14 ||    73
